 Dungeon Crawl Stone Soup version 0.30.0-5-g1a98f26d00 (webtiles) character file.

Game seed: 884091349116106031

5239 Foic the Thaumaturge (level 10, -11/50 HPs)
             Began as a Deep Elf Conjurer on May 11, 2023.
             Was an Elder of Vehumet.
             Mangled by an orc knight
             ... wielding a +0 war axe
              (22 damage)
             ... in a bailey.
             The game lasted 01:01:21 (8119 turns).

Foic the Thaumaturge (Deep Elf Conjurer)            Turns: 8119, Time: 01:01:21

Health: -11/50     AC:  8    Str: -1 (2)  XL:     10   Next: 35%
Magic:  2/27       EV: 16    Int: 27 (28) God:    Vehumet [****..]
Gold:   359        SH:  0    Dex: 17 (19) Spells: 11/32 levels left

rFire   + + .        D - staff of fire
rCold   . . .        (no shield)
rNeg    . . .        s - +2 robe {Will+}
rPois   +            K - +0 helmet
rElec   .            f - +0 cloak
rCorr   .            B - +1 pair of gloves
SInv    .            (no boots)
Will    ++...        (no amulet)
Stlth   ++++         c - ring of poison resistance
HPRegen 0.00/turn    F - +6 ring of dexterity
MPRegen 0.20/turn

%: no passive effects
@: mighty, inhibited regen, slowed, lost strength, very slow
A: fire resistance 1, weak 1
a: Renounce Religion


You were in a bailey.
You worshipped Vehumet.
Vehumet was greatly pleased with you.
You visited 1 branch of the dungeon, and saw 8 of its levels.
You also visited: Sewer and Bailey.

You collected 359 gold pieces.

Inventory:

Hand Weapons
 q - a +0 dagger of holy wrath
 y - a +1 dagger of venom
 M - a +0 spear of flaming
Missiles
 d - 29 boomerangs
 g - 77 stones
 t - 17 poisoned darts
 x - 2 throwing nets
 z - a curare-tipped dart
Armour
 f - a +0 cloak (worn)
 s - a +2 robe of willpower (worn)
 B - a +1 pair of gloves (worn)
 K - a +0 helmet (worn)
Magical Staves
 D - a staff of fire (weapon)
Jewellery
 c - a ring of poison resistance (left hand)
 l - an amulet of guardian spirit
 F - a +6 ring of dexterity (right hand)
 I - a ring of positive energy
Wands
 n - a wand of flame (17)
 u - a wand of light (7)
 J - a wand of polymorph (5)
Scrolls
 a - 2 scrolls of fear {unknown}
 e - 3 scrolls of vulnerability {unknown}
 h - 4 scrolls of teleportation {unknown}
 i - 2 scrolls of noise {unknown}
 j - 5 scrolls of blinking {unknown}
 k - a scroll of torment {unknown}
 m - a scroll of silence {unknown}
 o - 3 scrolls of magic mapping {unknown}
 p - 5 scrolls of enchant armour
 r - 4 scrolls of fog {unknown}
 A - 3 scrolls of enchant weapon {unknown}
 C - a scroll of poison {unknown}
 G - a scroll of immolation {unknown}
 L - 3 scrolls of identify {unknown}
Potions
 v - a potion of mutation
 w - a potion of degeneration
 E - a potion of curing


   Skills:
 + Level 7.7 Dodging
 + Level 8.4 Stealth
 * Level 11.7 Spellcasting
 * Level 10.6 Conjurations
 - Level 4.0 Hexes


You had 11 spell levels left.
You knew the following spells:

 Your Spells              Type           Power      Damage    Failure   Level
a - Magic Dart            Conj           100%       1d8       1%          1
b - Searing Ray           Conj           100%       2d8       1%          2
c - Dazzling Flash        Conj/Hex       100%       N/A       1%          3
d - Fulminant Prism       Conj/Hex       26%        3d14      1%          4
e - Iskenderun's Mystic   Conj/Tloc      44%        2d10      1%          4
f - Foxfire               Conj/Fire      100%       2x1d9     1%          1
g - Volatile Blastmotes   Fire/Tloc      46%        2d13      3%          3
s - Stone Arrow           Conj/Erth      88%        3d12      1%          3

Your spell library contained the following spells:

 Spells                   Type           Power      Damage    Failure   Level
 Arcjolt                  Conj/Air       22%        1d32      3%          5
 Freeze                   Ice            60%        1d7       1%          1
 Sandblast                Erth           30%        2d9       1%          1
 Poisonous Vapours        Pois/Air       30%        N/A       1%          2
 Hailstorm                Conj/Ice       44%        3d10      1%          3
 Inner Flame              Hex/Fire       39%        N/A       1%          3
 Mephitic Cloud           Conj/Pois/Air  34%        N/A       1%          3
 Ensorcelled Hibernation  Hex/Ice        52%        N/A       2%          2
 Sting                    Tmut/Pois      60%        1d6       3%          1
 Frozen Ramparts          Ice            30%        1d5       3%          3
 Call Imp                 Summ           30%        N/A       5%          2
 Passwall                 Tmut/Erth      12%        N/A       5%          2
 Olgreb's Toxic Radiance  Pois           15%        N/A       10%         4
 Swiftness                Air            15%        N/A       11%         3
 Yara's Violent Unravell  Hex/Tmut       13%        3d7       12%         5
 Enfeeble                 Hex            18%        N/A       99%         7


Dungeon Overview and Level Annotations

Branches:
Dungeon (8/15)             Temple (0/1) D:6           Sewer (visited)
 Bailey (1/1)
   Lair: D:8-11

Altars:
Uskayaw
Vehumet

Shops:
D:6 *

Annotations:
D:6 tome of stealth 900g


Innate Abilities, Weirdness & Mutations

Your flesh is heat resistant. (rF+)
You are weak. (Str -2)


Message History

The orc knight is almost dead. (Press . to maintain the ray.)
The searing ray hits the orc knight.
The orc knight is almost dead.
You fade into invisibility!
The orc knight misses you.
There is an open gate here.
It was a potion of degeneration.
There was something very wrong with that liquid.
You feel weakened.
You have lost your strength.
You feel dopey.
You feel clumsy.
You can move again.
Casting: Searing Ray (safe; 1% risk of failure)
Confirm with . or Enter, or press ? or * to list all spells.
Okay, then.
It was a potion of curing.
You feel better.
It was a potion of might.
You feel very mighty all of a sudden.
You flicker for a moment.
The orc knight hits you with a +0 war axe.
There is an empty arch of ancient stone here.
The orc knight closely misses you.
Casting: Searing Ray (safe; 1% risk of failure)
Confirm with . or Enter, or press ? or * to list all spells.
You don't have enough magic to cast this spell.
You flicker back into view.
The orc knight hits you with a +0 war axe!
Casting: Searing Ray (safe; 1% risk of failure)
Confirm with . or Enter, or press ? or * to list all spells.
Aiming: Stone Arrow (safe; 1% risk of failure)
Press: ? - help, Shift-Dir - straight line, f/p - orc knight
Aim: an orc knight, wielding a +0 war axe and wearing a +0 chain mail (severely wounded, 73% to hit)
The stone arrow hits the orc knight!
The orc knight is almost dead.
The orc knight hits you with a +0 war axe!
* * * LOW HITPOINT WARNING * * *
The orc knight attacks as you move away!
The orc knight completely misses you.
The orc knight hits you with a +0 war axe!!
You die...

..⌠.....# ......).#
.....)..# ....)).###
♣♣♣ ...))#'#.###
♣.♣♣♣♣♣
##.###.....###♣♣♣.....♣
###.).......##.......♣
#...........#.......♣
#...........'.@o....♣
#....)⌠..)..'..∩.∩..♣♣
#.....).....'........♣
#...........#........♣
###....)....##.......♣♣
##.###))...###♣.......♣
.....#'#.### ♣♣♣..♣.♣♣
.......### ♣♣♣♣♣♣
.......§#


You could see an orc knight.

Vanquished Creatures
  Prince Ribbit (D:6)
  A hornet (D:8)
  Sigmund (D:3)
  A wyvern (D:8)
  Eustachio (D:6)
  A vampire (D:6)
  Menkaure (D:5)
  4 water moccasins
  A black bear (D:5)
  2 ice beasts
  3 orc warriors
  2 sky beasts
  3 ogres
  2 centaurs
  3 phantoms
  2 kobold brigands
  4 bullfrogs
  A gnoll sergeant (D:8)
  4 scorpions
  5 killer bees
  An electric eel (D:8)
  4 howler monkeys
  3 orc priests (D:7)
  5 hounds
  A gnoll bouda (D:4)
  4 jellies
  4 iguanas
  Ijyb (D:3)
  Natasha (thrice) (D:2)
  7 orc wizards
  A hell rat (Sewer)
  Robin (D:3)
  12 gnolls
  5 adders
  13 river rats
  7 white imps
  3 worms
  A dart slug (D:1)
  17 orcs
  2 ball pythons
  6 endoplasms
  2 giant cockroaches (D:3)
  21 goblins
  20 hobgoblins
  5 jackals
  7 quokkas
  6 bats
  3 frilled lizards
  16 kobolds
  29 rats
253 creatures vanquished.

Vanquished Creatures (others)
  602 foxfires
  5 fulminant prisms
607 creatures vanquished.

Grand Total: 860 creatures vanquished

Notes
Turn   | Place    | Note
-------+----------+-------------------------------------------
     0 | D:1      | Foic the Deep Elf Conjurer began the quest for the Orb.
     0 | D:1      | Reached XP level 1. HP: 10/10 MP: 6/6
   244 | D:1      | Reached XP level 2. HP: 15/15 MP: 5/8
   355 | D:1      | Learned a level 2 spell: Searing Ray
   688 | D:1      | Reached skill level 1 in Hexes
   774 | D:2      | Noticed Natasha
   777 | D:2      | Killed Natasha
   778 | D:2      | Reached XP level 3. HP: 19/19 MP: 5/10
  1177 | D:2      | Noticed Natasha
  1184 | D:2      | Killed Natasha
  1185 | D:2      | Reached skill level 4 in Spellcasting
  1185 | D:2      | Reached skill level 5 in Conjurations
  1185 | D:2      | Reached XP level 4. HP: 4/24 MP: 3/12
  1272 | D:2      | Learned a level 3 spell: Dazzling Flash
  1277 | D:2      | Learned a level 4 spell: Fulminant Prism
  1320 | D:2      | Noticed Natasha
  1326 | D:2      | Killed Natasha
  1817 | D:3      | Found a radiant altar of Vehumet.
  1832 | D:3      | Found a hide-covered altar of Uskayaw.
  1850 | D:3      | Noticed a scorpion
  1860 | D:3      | Killed a scorpion
  1861 | D:3      | Reached XP level 5. HP: 28/28 MP: 1/14
  1893 | D:3      | Became a worshipper of Vehumet
  2007 | D:3      | Found a glowing drain.
  2017 | Sewer    | Entered a sewer
  2140 | Sewer    | Reached skill level 5 in Spellcasting
  2365 | D:3      | Reached * piety under Vehumet
  2365 | D:3      | Offered knowledge of Foxfire by Vehumet.
  2366 | D:3      | Reached XP level 6. HP: 32/32 MP: 9/15
  2368 | D:3      | Learned a level 1 spell: Foxfire
  2437 | D:3      | Noticed Robin
  2446 | D:3      | Killed Robin
  2731 | D:3      | Noticed Sigmund
  2743 | D:3      | Killed Sigmund
  3004 | D:3      | Noticed Ijyb
  3016 | D:3      | Killed Ijyb
  3477 | D:4      | Reached skill level 6 in Spellcasting
  3477 | D:4      | Reached XP level 7. HP: 36/36 MP: 10/18
  3831 | D:4      | Offered knowledge of Static Discharge by Vehumet.
  3919 | D:4      | Reached ** piety under Vehumet
  4175 | D:4      | Reached skill level 5 in Stealth
  4533 | D:5      | Entered Level 5 of the Dungeon
  4704 | D:5      | Reached skill level 7 in Spellcasting
  4704 | D:5      | Reached XP level 8. HP: 28/41 MP: 16/20
  4808 | D:5      | Reached skill level 5 in Dodging
  4843 | D:5      | Noticed Menkaure
  4853 | D:5      | HP: 1/41 [ogre/+0 giant spiked club (10)]
  4867 | D:5      | Killed Menkaure
  4932 | D:5      | Offered knowledge of Inner Flame by Vehumet.
  4933 | D:5      | Reached skill level 8 in Spellcasting
  4945 | D:5      | Learned a level 4 spell: Iskenderun's Mystic Blast
  5360 | D:6      | Found Xuxoh's General Store.
  5530 | D:6      | Noticed Prince Ribbit
  5539 | D:6      | Killed Prince Ribbit
  5691 | D:6      | Reached skill level 9 in Spellcasting
  5691 | D:6      | Reached XP level 9. HP: 45/45 MP: 16/24
  5756 | D:6      | Noticed Eustachio
  5763 | D:6      | Killed Eustachio
  5852 | D:6      | Found a staircase to the Ecumenical Temple.
  6383 | D:6      | Reached *** piety under Vehumet
  6480 | D:6      | Offered knowledge of Volatile Blastmotes by Vehumet.
  6506 | D:6      | Learned a level 3 spell: Volatile Blastmotes
  6822 | D:7      | Reached skill level 10 in Spellcasting
  6898 | D:7      | Reached **** piety under Vehumet
  6919 | D:6      | Offered knowledge of Arcjolt by Vehumet.
  7155 | D:6      | Learned a level 3 spell: Stone Arrow
  7389 | D:7      | Reached skill level 11 in Spellcasting
  7389 | D:7      | Reached skill level 10 in Conjurations
  7389 | D:7      | Reached XP level 10. HP: 50/50 MP: 23/27
  7671 | D:8      | Gained mutation: You are weak. (Str -2) [potion of
                  | mutation]
  7671 | D:8      | Gained mutation: Your flesh is heat resistant. (rF+)
                  | [potion of mutation]
  7679 | D:8      | Noticed a manticore
  7880 | D:8      | Found a flagged portal.
  7906 | Bailey   | Entered a bailey
  8074 | Bailey   | Noticed an orc knight
  8108 | Bailey   | Lost strength.
  8119 | Bailey   | Mangled by an orc knight

Illustrated notes

Levels and vault maps discovered:
D:1:      eino_arrival_cavern_d, layout_rooms
D:2:      layout_loops_ring, uniq_natasha
D:3:      layout_basic, mainiacjoe_overflow_catwalk_spiral,
          gup_sewer_entry_bubbles, uniq_sigmund, uniq_robin, uniq_ijyb
D:4:      minmay_bubble_buster, layout_basic
D:5:      layout_rooms, serial_rivers, chequers_serial_rivers_micro_e,
          chequers_serial_rivers_micro_c, chequers_serial_rivers_micro_a,
          chequers_serial_rivers_micro_d, chequers_serial_rivers_micro_a,
          uniq_menkaure
D:6:      lemuel_ratsnest, layout_gridville, minmay_temple_entry_grid,
          serial_shops, shop, kennysheep_generic_room_9, uniq_prince_ribbit1,
          uniq_eustachio
D:7:      layout_rooms
D:8:      minmay_slanted_spiral_squares, layout_basic, enter_bailey_4
Bailey:   bailey_axe_minmay_hex_keep, bailey

Skill      XL: |  1  2  3  4  5  6  7  8  9 10 |
---------------+-------------------------------+-----
Hexes          | 1 2 3 4 |  4.0
Dodging        | 3 4 6 7 |  7.7
Stealth        | 3 4 5 6 7 8 |  8.4
Spellcasting   | 4 5 6 7 9 11 | 11.7
Conjurations   | 5 6 7 8 10 | 10.6

Action                     |  1- 3 |  4- 6 |  7- 9 | 10-12 || total
---------------------------+-------+-------+-------+-------++-------
  Melee: Dagger            |     3 |    18 |       |       ||    21
   Cast: Magic Dart        |    47 |    41 |     7 |       ||    95
         Searing Ray       |     4 |    14 |    11 |     4 ||    33
         Foxfire           |       |    31 |   228 |    88 ||   347
         Iskenderun's Myst |       |       |    15 |    11 ||    26
         Fulminant Prism   |       |       |     4 |     1 ||     5
         Volatile Blastmot |       |       |       |     2 ||     2
         Stone Arrow       |       |       |       |     1 ||     1
         Dazzling Flash    |       |       |       |     1 ||     1
  Evoke: Wand              |       |       |       |     4 ||     4
    Use: Potion            |       |     1 |     5 |     5 ||    11
         Scroll            |       |       |     1 |       ||     1
   Stab: Sleeping          |       |     1 |       |       ||     1
 Armour: Robe              |       |    11 |    19 |     4 ||    34
  Dodge: Dodged            |     2 |    31 |    34 |    20 ||    87
